Cogmind - Beta 15 @@@ ROGUE MODE // 2025.05.14 @ 18:47:06 Player: jumpy Result: Destroyed by G-50 Soldier with Heavy Laser Performance ------------- Evolutions (5) 2500 Regions Visited (12) 2400 Robots Destroyed (130) 650 Value Destroyed (5207) 5207 Prototype IDs (4) 80 Alien Tech Used (0) 0 Bonus (1889) 1889 TOTAL SCORE: 12726 Bonus ------- High Alert Combat Kills 508 Follower Combat Kills 1395 Friendly Fire -14 Cogmind --------- Core Integrity 0/1000 Matter 300/300 Energy 100/100 System Corruption 18% Temperature Cool (6) Movement Core (50) Location -5/Factory Parts ------- > --- POWER (1) -------- (None) > --- PROPULSION (4) --- (None) > --- UTILITY (9) ------ Improved Signal Interpreter > --- WEAPON (3) ------- (None) > --- INVENTORY (5) ---- Micro Nuclear Core Medium Treads Heavy Treads Wheel Peak State ------------ > --- POWER ------------ Neutrino Core > --- PROPULSION ------- Centrium Heavy Treads Centrium Heavy Treads > --- UTILITY ---------- High-capacity Storage Unit Advanced Sensor Array Advanced Terrain Scan Processor Improved Melee Analysis Suite Improved Medium Armor Plating Centrium Medium Armor Plating Improved Hacking Suite > --- WEAPON ----------- Wave Gun Scythe Scythe > --- INVENTORY -------- Micro Nuclear Core Micro Nuclear Core Fusion Compressor Improved Treads Improved Hacking Suite Improved Hacking Suite Improved Hacking Suite Spread Laser Gatling Laser Flak Gun Axe [Rating: 90] Favorites ----------- Power Micro Nuclear Core Engine Improved Ion Engine Power Core Micro Nuclear Core Propulsion Aluminum Leg Treads Light Treads Leg Aluminum Leg Hover Unit Antigrav System Utility Improved Hacking Suite Device Advanced Sensor Array Storage Large Storage Unit Processor Advanced Terrain Scan Processor Hackware Improved Hacking Suite Protection Centrium Medium Armor Plating Weapon Scythe Energy Gun Backup Laser III Ballistic Gun Gauss Rifle Ballistic Cannon Heavy Flak Cannon Launcher Improved Grenade Launcher Special Weapon Improved Plasma Cutter Slashing Weapon Scythe Build | -11 -10 -9 -8 -7 -6 -6 -6 -6 -6 -5 -5 -5 ------- Run | Yrd Mat Mat Mat Fac Fac Ext Cet Arc Hub Fac Was Fac Slots Evolved 10 | . . 2 2 2 2 . . . . 2 . . Power . | . . . . . . . . . . . . . Propulsion 2 | . . 2 . . . . . . . . . . Utility 7 | . . . 2 1 2 . . . . 2 . . Weapon 1 | . . . . 1 . . . . . . . . Parts Attached 123 | 7 7 12 18 11 6 30 5 4 1 14 3 5 Power 16 | 1 . 2 2 2 2 5 . 1 . 1 . . Engine 8 | 1 . 2 2 . 1 2 . . . . . . Core 8 | . . . . 2 1 3 . 1 . 1 . . Reactor . | . . . . . . . . . . . . . Propulsion 40 | 2 3 3 10 2 . 10 3 . . 5 2 . Treads 17 | . . . . . . 8 3 . . 4 2 . Leg 22 | 2 3 3 10 2 . 2 . . . . . . Wheel . | . . . . . . . . . . . . . Hover 1 | . . . . . . . . . . 1 . . Flight . | . . . . . . . . . . . . . Utility 31 | 2 1 2 5 3 1 5 1 2 1 4 1 3 Device 9 | 1 . 1 1 1 . 2 . . . . . 3 Storage 4 | 1 1 1 1 . . . . . . . . . Processor 7 | . . . 1 2 1 2 . . 1 . . . Hackware 5 | . . . . . . . . 1 . 3 1 . Protection 6 | . . . 2 . . 1 1 1 . 1 . . Artifact . | . . . . . . . . . . . . . Weapon 36 | 2 3 5 1 4 3 10 1 1 . 4 . 2 Energy Gun 7 | . . . . 2 1 2 1 1 . . . . Energy Cannon . | . . . . . . . . . . . . . Ballistic Gun 18 | 2 3 5 1 2 2 . . . . 3 . . Ballistic Cannon 2 | . . . . . . 1 . . . . . 1 Launcher 2 | . . . . . . 2 . . . . . . Special Weapon 1 | . . . . . . . . . . 1 . . Impact Weapon . | . . . . . . . . . . . . . Slashing Weapon 6 | . . . . . . 5 . . . . . 1 Piercing Weapon . | . . . . . . . . . . . . . Special Melee Weapon . | . . . . . . . . . . . . . Unidentified Prototypes 4 | . . 1 . . . . 2 . . . . 1 Corrupted Parts 1 | . . . . . . . 1 . . . . . System Corruption 1 | . . . . . . . 1 . . . . . Parts Lost 67 | . . 3 6 2 1 24 2 1 4 17 . 7 Power 3 | . . . . . . 1 . . . 1 . 1 Propulsion 26 | . . 1 3 1 . 11 2 . 1 6 . 1 Utility 17 | . . 1 2 1 1 6 . . . 4 . 2 Weapon 21 | . . 1 1 . . 6 . 1 3 6 . 3 Highest Loss Streak 8 | . . 2 4 2 1 4 2 1 3 8 . 7 To Critical Strikes 2 | . . . . . . . 1 . . 1 . . Average Backups 9 | 3 7 9 9 12 14 11 7 8 12 7 2 3 Power 2 | . 1 2 3 3 3 3 1 2 3 2 2 1 Propulsion 1 | 1 3 2 2 1 1 . . . 1 . . 2 Utility 1 | . 1 1 1 1 1 1 1 1 3 1 . . Weapon 4 | . 1 2 3 7 9 6 4 3 5 3 . . Tool/Special . | . . . . . . . . . . . . . Unused Backups 15 | . . 4 3 3 . 1 . . . . . 4 Power 4 | . . 1 . 3 . . . . . . . . Propulsion 7 | . . 1 2 . . . . . . . . 4 Utility . | . . . . . . . . . . . . . Weapon 4 | . . 2 1 . . 1 . . . . . . Tool/Special . | . . . . . . . . . . . . . Average Slot Usage (%) 83 | . 100 99 79 96 88 82 70 81 84 86 49 70 Engine 3 | . 14 11 9 3 3 4 . . . . . . Core 2 | . . . . 3 2 1 6 6 6 4 3 4 Treads 8 | . . . . . . 15 11 13 13 14 8 10 Leg 13 | . 28 43 33 29 26 7 3 . . . . . Device 7 | . 14 10 5 12 10 5 6 6 6 4 . 8 Storage 6 | . 14 11 9 7 6 6 6 6 6 4 . . Processor 11 | . . . 1 9 18 18 13 13 16 17 11 10 Hackware 5 | . . . . . . . . 2 6 18 16 16 Protection 2 | . . . 2 4 . 1 4 11 9 2 . . Energy Gun 3 | . . . . 7 3 1 2 6 5 . 7 10 Ballistic Gun 9 | . 28 22 17 15 16 7 . . . 8 . . Slashing Weapon 3 | . . . . . . 6 14 13 12 3 . . Peak Build Rating 90 | 7 8 15 26 40 44 50 75 90 90 80 58 77 Average Rating 45 | 5 7 13 17 34 41 36 63 83 89 61 50 69 On Entrance 36 | . 7 8 15 26 40 39 37 74 90 60 18 58 Naked Turns . | . . . . . . . . . . . . . Heaviest Build 78 | 13 18 24 41 47 45 51 42 78 78 73 10 20 Greatest Support 160 | 20 20 40 50 52 52 86 160 160 160 123 140 149 Greatest Overweight (x) 21 | . . . 2 . . 3 1 . . 21 . . Average Overweight (x) . | . . . . . . . . . . . . . Largest Inventory Capacity 20 | 8 10 20 15 15 20 15 15 20 20 20 5 5 Average Capacity 13 | 6 9 10 10 15 15 15 15 17 20 19 5 5 Most Carried 15 | 5 10 10 10 15 15 15 8 11 14 13 4 5 Average Carried 9 | 3 7 9 9 12 14 11 7 8 12 7 2 4 Final Capacity 20 | 8 10 10 15 15 15 15 15 20 20 5 5 5 Final Carried 15 | 5 10 9 10 14 15 7 7 11 14 4 4 5 Class Distribution -------------------- 25% | Scavenger-Mutant 15% | Hacker-Mutant 10% | Hacker-Tank 10% | Scavenger-Gladiator 9% | Mutant 9% | Scavenger-Skirmisher 9% | Skirmisher 4% | Gladiator Dominant Class ---------------- Mutant | -10/Materials Scavenger-Mutant | -9/Materials Scavenger-Mutant | -8/Materials Scavenger-Skirmisher | -7/Factory Skirmisher | -6/Factory Scavenger-Mutant | -6/Extension Gladiator | -6/Cetus Scavenger-Gladiator | -6/Archives Scavenger-Gladiator | -6/Hub_04(d) Hacker-Mutant | -5/Factory Hacker-Mutant | -5/Waste Hacker-Tank | -5/Factory Resources | -11 -10 -9 -8 -7 -6 -6 -6 -6 -6 -5 -5 -5 ----------- Run | Yrd Mat Mat Mat Fac Fac Ext Cet Arc Hub Fac Was Fac Matter Collected 3578 | 292 74 532 533 208 . 892 115 108 40 228 214 342 Remotely . | . . . . . . . . . . . . . Salvage Created 5928 | 130 293 850 1016 143 79 1293 152 574 105 594 . 699 Parts 307 | 16 21 51 55 7 6 63 3 33 5 29 . 18 Haulers Intercepted 4 | . 1 2 1 . . . . . . . . . Recyclers Shooed 5 | . . . 3 . . 1 . . . . . 1 Parts Field Recycled . | . . . . . . . . . . . . . Retrieved Matter . | . . . . . . . . . . . . . Parts Self-Destructed . | . . . . . . . . . . . . . Prevented . | . . . . . . . . . . . . . Kills | -11 -10 -9 -8 -7 -6 -6 -6 -6 -6 -5 -5 -5 ------- Run | Yrd Mat Mat Mat Fac Fac Ext Cet Arc Hub Fac Was Fac Combat Hostiles Destroyed 97 | . 9 16 14 3 3 23 2 4 2 10 . 11 Melee 16 | . . . . . . 9 . . 1 5 . 1 Guns 64 | . 9 16 14 1 3 8 1 3 1 5 . 3 Cannons 8 | . . . . . . 1 . . . . . 7 AOE 7 | . . . . 2 . 5 . . . . . . Classes Destroyed 15 | 2 4 2 2 . . 3 1 . . 1 . . Worker 6 | . 1 1 2 . . . . . . . . 2 Builder 1 | . . . . . . 1 . . . . . . Tunneler 4 | 3 . . 1 . . . . . . . . . Hauler 4 | . 1 2 1 . . . . . . . . . Recycler 8 | 1 . 1 2 1 . . . . . 1 . 2 Operator 9 | . . . 1 . . 1 . 7 . . . . Watcher 1 | . . . . . . . 1 . . . . . Swarmer 18 | . 6 3 . 1 3 2 . . . . . 3 Grunt 37 | . 3 8 11 1 . 10 . . . 2 . 2 Brawler 2 | . . 1 . . . . . . . 1 . . Duelist 2 | . . . 1 1 . . . . . . . . Sentry 24 | . . 4 2 . . 9 . 4 1 1 . 3 Hunter 5 | . . . . . . . . . . 2 . 3 Programmer 6 | . . . . . . 1 . . 1 4 . . Behemoth 1 | . . . . . . 1 . . . . . . Cetus Guard 2 | . . . . . . . 2 . . . . . Best Kill Streak 9 | 4 4 9 6 4 2 3 2 2 1 2 . 3 Combat Bots Only 5 | . 3 5 4 3 2 3 1 2 1 2 . 2 Max Kills in Single Turn 3 | 1 1 1 1 3 1 2 1 1 1 1 . 1 Gunslinging . | . . . . . . . . . . . . . Exploded 2 | . . . . 2 . 2 . . . . . . Melee 1 | . . . . . . 1 . . 1 1 . 1 Uniques/NPCs Destroyed . | . . . . . . . . . . . . . Combat | -11 -10 -9 -8 -7 -6 -6 -6 -6 -6 -5 -5 -5 -------- Run | Yrd Mat Mat Mat Fac Fac Ext Cet Arc Hub Fac Was Fac Hostile Shots Fired 1116 | . 47 85 81 9 19 333 15 40 163 170 . 154 Missed 349 | . 15 23 25 . 4 126 6 12 45 48 . 45 Hits 767 | . 32 62 56 9 15 207 9 28 118 122 . 109 Melee 12 | . . 2 2 4 . . . . . 1 . 3 Projectile 755 | . 32 60 54 5 15 207 9 28 118 121 . 106 Critical Strikes 25 | . . 4 4 1 . 1 1 1 2 6 . 5 Damage Taken 12881 | . 322 867 941 548 214 2988 331 670 1510 2364 . 2126 Core 2040 | . 57 121 126 5 44 438 35 74 127 432 . 581 Absorbed by Shields 42 | . . . . . . . . . . . . 42 Regen/Repaired (Parts) 571 | . . . . . . . . . . . . 571 Core Remaining (%) 72 | 100 77 69 77 99 . . . . 15 . . . Volleys Fired 363 | 11 31 55 66 9 12 48 20 33 4 36 . 38 Largest 3 | 2 2 2 2 2 3 3 1 1 1 3 . 3 Hottest 124 | 40 40 46 48 56 89 112 80 80 81 105 . 124 Shots Fired 656 | 22 62 108 130 14 30 90 22 34 5 62 . 77 Gun 587 | 22 62 108 130 14 30 63 22 34 5 59 . 38 Cannon 58 | . . . . . . 19 . . . . . 39 Launcher 8 | . . . . . . 8 . . . . . . Special 3 | . . . . . . . . . . 3 . . Kinetic 519 | 22 62 108 130 14 29 70 . . . 45 . 39 Thermal 85 | . . . . . . . 12 13 5 17 . 38 Explosive 8 | . . . . . . 8 . . . . . . Electromagnetic 44 | . . . . . 1 12 10 21 . . . . Robot Hit Streak 14 | 6 7 14 8 5 5 13 14 8 9 13 . 9 Robot Miss Streak 5 | 2 3 5 2 1 3 2 2 3 1 5 . 5 Penetration Max 1 | . . . . 1 1 1 . . . . . . Secondary Targets 8 | . 2 2 2 1 . . . . . 1 . . Max Gunslinging Chain 1 | . 1 1 1 1 . . . . . 1 . . Shots Hit Robots 531 | 12 33 76 92 8 11 93 15 38 16 79 . 58 Core Hits 322 | 8 18 33 47 7 4 50 10 28 3 56 . 58 Critical Kills 4 | . . . 1 . . 3 . . . . . . Critical Parts Destroyed 4 | . . . . . 2 2 . . . . . . Critical Strikes 20 | . . . 1 . 2 10 1 . 3 3 . . Destroy 9 | . . . 1 . 2 6 . . . . . . Sever 11 | . . . . . . 4 1 . 3 3 . . Melee Attacks 118 | . . . . . . 53 11 11 17 22 . 4 Impact . | . . . . . . . . . . . . . Slashing 118 | . . . . . . 53 11 11 17 22 . 4 Piercing . | . . . . . . . . . . . . . Sneak Attacks 19 | . . . . . . 3 . 10 2 2 . 2 Combat Hostiles 1 | . . . . . . 1 . . . . . . Follow-up Attacks 13 | . . . . . . 9 . 2 2 . . . Damage Inflicted 12397 | 100 310 1167 1487 521 224 3065 370 1356 560 1878 . 1359 Guns 6519 | 100 310 1167 1487 178 224 821 274 554 77 1014 . 313 Cannons 986 | . . . . . . 229 . . . . . 757 Explosions 1172 | . . . . 343 . 829 . . . . . . Melee 3654 | . . . . . . 1186 96 802 483 828 . 259 Ramming 30 | . . . . . . . . . . . . 30 Kinetic 5905 | 100 310 1167 1487 178 224 894 . . . 788 . 757 Thermal 1761 | . . . . 343 . 201 274 291 77 262 . 313 Explosive 628 | . . . . . . 628 . . . . . . Electromagnetic 419 | . . . . . . 156 . 263 . . . . Impact . | . . . . . . . . . . . . . Slashing 3654 | . . . . . . 1186 96 802 483 828 . 259 Piercing . | . . . . . . . . . . . . . Highest Corruption 19 | . 2 . . . . 17 18 18 19 14 14 18 Average Corruption 11 | . 2 . . . . 7 17 18 18 6 14 15 Corruption Purged . | . . . . . . . . . . . . . Corruption Blocked . | . . . . . . . . . . . . . Effects 166 | . . . . . . 29 11 18 25 28 6 49 Message Errors 37 | . . . . . . 5 3 7 4 5 1 12 Matter Fused 36 | . . . . . . 8 4 1 8 5 1 9 Heat Flow Errors 25 | . . . . . . 3 1 1 5 6 1 8 Energy Discharges 11 | . . . . . . 5 . . 2 . 1 3 Parts Rejected 7 | . . . . . . 2 . . 2 1 . 2 Parts Fused 3 | . . . . . . . 1 1 . . 1 . Data Loss (minor) 21 | . . . . . . 3 . 3 1 7 1 6 Data Loss (major) 4 | . . . . . . 2 . . . 1 . 1 Misfires 9 | . . . . . . . 2 3 1 1 . 2 Alerts 4 | . . . . . . 1 . . 2 . . 1 Misdirections 5 | . . . . . . . . . . 1 . 4 Weapon Failures 4 | . . . . . . . . 2 . 1 . 1 Overload Shots . | . . . . . . . . . . . . . Overflow Damage 372 | . . . . 52 . 101 . 130 49 40 . . Projectiles . | . . . . . . . . . . . . . Explosions 52 | . . . . 52 . . . . . . . . Melee 320 | . . . . . . 101 . 130 49 40 . . Knockbacks 13 | . . . . . . . . . . . . 13 Impact . | . . . . . . . . . . . . . Kinetic 12 | . . . . . . . . . . . . 12 Secondary 1 | . . . . . . . . . . . . 1 Self-Inflicted Damage 464 | . . . . 315 . 149 . . . . . . Shots 8 | . . . . 4 . 4 . . . . . . Rammed 14 | . . . . . . 2 . . . . . 12 Targets Rammed 15 | . . . . . . 2 . . . . . 13 Kicked . | . . . . . . . . . . . . . Crushed 1 | . . . . . . . . . . . . 1 Highest Temperature 345 | . 18 20 26 39 . 254 244 245 270 255 196 345 Average Temperature 70 | . 8 6 7 18 . 54 105 109 70 73 105 87 Received Heat Transfer 2662 | . 93 258 522 18 . 690 45 81 600 162 . 193 Effects 3 | . . . . . . . . . . 3 . . Interference 3 | . . . . . . . . . . 3 . . Siege Activations . | . . . . . . . . . . . . . Martial Activations . | . . . . . . . . . . . . . Shielding Activations . | . . . . . . . . . . . . . Robots Disrupted . | . . . . . . . . . . . . . Combat Hostiles . | . . . . . . . . . . . . . Robots Corrupted 1 | . . . . . . . . 1 . . . . Combat Hostiles 1 | . . . . . . . . 1 . . . . Parts Fried 1 | . . . . . . . . 1 . . . . Impact Corruptions . | . . . . . . . . . . . . . Robots Melted 1 | . . . . . . . 1 . . . . . Combat Hostiles 1 | . . . . . . . 1 . . . . . Parts Melted 8 | . . . . 1 . . 2 4 . 1 . . Heat Transferred 3015 | . . . . 200 . 100 625 637 111 454 . 888 Parts Sabotaged 3 | . . . . . . . . . . . . 3 Parts Stolen . | . . . . . . . . . . . . . Parts Stripped . | . . . . . . . . . . . . . Power Chain Reactions 1 | . . . . . . 1 . . . . . . Alert | -11 -10 -9 -8 -7 -6 -6 -6 -6 -6 -5 -5 -5 ------- Run | Yrd Mat Mat Mat Fac Fac Ext Cet Arc Hub Fac Was Fac Maximum Alert Level 5 | . . 1 1 . . 1 . . . . . 5 Low Security (%) 84 | 100 100 67 81 100 100 98 100 100 100 100 100 13 Level 1 5 | . . 32 18 . . 1 . . . . . 3 Level 2 . | . . . . . . . . . . . . 2 Level 3 1 | . . . . . . . . . . . . 15 Level 4 5 | . . . . . . . . . . . . 41 Level 5 3 | . . . . . . . . . . . . 24 High Security . | . . . . . . . . . . . . . Max Security . | . . . . . . . . . . . . . Peak Influence 1797 | 10 107 258 231 151 61 222 121 40 35 50 . 1797 Initial 121 | . . 36 102 65 38 12 121 . . . . . Average 183 | 1 55 103 172 47 22 54 27 7 6 10 . 1103 Influence Increases 5265 | 20 247 452 437 196 116 804 111 115 75 290 . 2402 Destroy 0b10 Robot/C 2740 | . 180 320 280 60 60 520 80 80 40 200 . 920 Destroy 0b10 Robot/NC 220 | 20 10 20 35 5 . 15 5 35 . 5 . 70 Destroy Leader 548 | . 42 94 62 . 10 72 . . 20 50 . 198 Allied During Kill 933 | . . . . . . 82 11 . . . . 840 Successful Hack 46 | . . . . . . 14 . . . 20 . 12 Disable Machine 195 | . . . 15 105 15 . 15 . 15 . . 30 Anti-Garrison Action 150 | . . . . . . . . . . . . 150 Destroy Structure 253 | . . 3 . 26 1 41 . . . . . 182 Lose Combat Pursuer 180 | . 15 15 45 . 30 60 . . . 15 . . Influence Decreases 3557 | 20 160 297 534 262 169 612 329 115 75 290 . 694 Entered New Map 423 | . . 51 140 80 41 14 97 . . . . . Time Decay 2239 | 20 160 216 334 162 118 391 92 105 75 212 . 354 Lost Part 428 | . . 30 60 20 10 130 20 10 . 78 . 70 Lost Ally 467 | . . . . . . 77 120 . . . . 270 Squads Dispatched 29 | . 1 2 1 1 1 4 . . 4 3 . 12 Investigation 5 | . . . . 1 1 2 . . . 1 . . Extermination 5 | . . . . . . . . . 1 2 . 2 Reinforcement 14 | . 1 2 1 . . 2 . . 3 . . 5 Assault 3 | . . . . . . . . . . . . 3 Garrison 2 | . . . . . . . . . . . . 2 Intercept . | . . . . . . . . . . . . . Searches Triggered . | . . . . . . . . . . . . . Construction Impeded 4 | . . . . . . . . . . . . 4 Haulers Reinforced . | . . . . . . . . . . . . . Active Scanning Responses . | . . . . . . . . . . . . . Cargo Convoy Interrupts . | . . . . . . . . . . . . . Stealth | -11 -10 -9 -8 -7 -6 -6 -6 -6 -6 -5 -5 -5 --------- Run | Yrd Mat Mat Mat Fac Fac Ext Cet Arc Hub Fac Was Fac Distress Signals 13 | . 1 4 2 . . 2 1 . . 1 . 2 Communications Jammed . | . . . . . . . . . . . . . Distress Signals . | . . . . . . . . . . . . . Times Spotted 215 | . 14 25 21 3 5 34 5 14 15 34 . 45 Peak Tracking Total 14 | . 4 5 5 3 4 5 5 1 10 14 . 7 Tactical Retreats 9 | . 1 1 2 . 1 3 . . . 1 . . Traps | -11 -10 -9 -8 -7 -6 -6 -6 -6 -6 -5 -5 -5 ------- Run | Yrd Mat Mat Mat Fac Fac Ext Cet Arc Hub Fac Was Fac Traps Triggered 12 | . 1 1 . 2 . 2 . . . 1 . 5 Indirectly . | . . . . . . . . . . . . . Trap Hack Attempts . | . . . . . . . . . . . . . Triggered . | . . . . . . . . . . . . . Disarmed . | . . . . . . . . . . . . . Reprogrammed . | . . . . . . . . . . . . . Reused . | . . . . . . . . . . . . . Traps Extracted . | . . . . . . . . . . . . . Installed . | . . . . . . . . . . . . . Triggered . | . . . . . . . . . . . . . Machines | -11 -10 -9 -8 -7 -6 -6 -6 -6 -6 -5 -5 -5 ---------- Run | Yrd Mat Mat Mat Fac Fac Ext Cet Arc Hub Fac Was Fac Machines Disabled 14 | . . . 1 7 1 . 1 . 1 . . 3 Max in Single Turn 6 | . . . 1 6 1 . 1 . 1 . . . Garrison Access 1 | . . . . . . . . . . . . 1 Machines Repaired . | . . . . . . . . . . . . . Machines Dismantled . | . . . . . . . . . . . . . Machines Sabotaged . | . . . . . . . . . . . . . Overloaded Fab Kills . | . . . . . . . . . . . . . Hacking | -11 -10 -9 -8 -7 -6 -6 -6 -6 -6 -5 -5 -5 --------- Run | Yrd Mat Mat Mat Fac Fac Ext Cet Arc Hub Fac Was Fac Machines Accessed 13 | . . . . . 1 6 3 . . 2 . 1 Terminals 11 | . . . . . 1 6 3 . . . . 1 Fabricators 1 | . . . . . . . . . . 1 . . Repair Stations . | . . . . . . . . . . . . . Recycling Units . | . . . . . . . . . . . . . Scanalyzers 1 | . . . . . . . . . . 1 . . Garrison Access . | . . . . . . . . . . . . . Total Hacks 26 | . . . . . 3 10 6 . . 4 . 3 Successful 9 | . . . . . . 2 1 . . 4 . 2 Failed 17 | . . . . . 3 8 5 . . . . 1 Catastrophic 3 | . . . . . . 1 2 . . . . . Database Lockouts . | . . . . . . . . . . . . . Manual . | . . . . . . . . . . . . . Terminals 22 | . . . . . 3 10 6 . . . . 3 Fabricators 2 | . . . . . . . . . . 2 . . Repair Stations . | . . . . . . . . . . . . . Recycling Units . | . . . . . . . . . . . . . Scanalyzers 2 | . . . . . . . . . . 2 . . Garrison Access . | . . . . . . . . . . . . . Terminal Hacks 5 | . . . . . . 2 1 . . . . 2 Record 3 | . . . . . . . 1 . . . . 2 Open Door 2 | . . . . . . 2 . . . . . . Fabricator Hacks 2 | . . . . . . . . . . 2 . . Load Schematic 1 | . . . . . . . . . . 1 . . Build 1 | . . . . . . . . . . 1 . . Repair Station Hacks . | . . . . . . . . . . . . . Recycling Unit Hacks . | . . . . . . . . . . . . . Scanalyzer 2 | . . . . . . . . . . 2 . . Insert Component 1 | . . . . . . . . . . 1 . . Analyze 1 | . . . . . . . . . . 1 . . Garrison Access Hacks . | . . . . . . . . . . . . . Unauthorized Hacks . | . . . . . . . . . . . . . Terminals . | . . . . . . . . . . . . . Fabricators . | . . . . . . . . . . . . . Repair Stations . | . . . . . . . . . . . . . Recycling Units . | . . . . . . . . . . . . . Scanalyzers . | . . . . . . . . . . . . . Garrison Access . | . . . . . . . . . . . . . Data Cores Recovered . | . . . . . . . . . . . . . Used . | . . . . . . . . . . . . . Hacking Detections 11 | . . . . . 1 5 3 . . 1 . 1 Full Trace Events 4 | . . . . . 1 2 . . . 1 . . Feedback Events . | . . . . . . . . . . . . . Feedback Blocked . | . . . . . . . . . . . . . Robot Schematics Acquired . | . . . . . . . . . . . . . Robots Built . | . . . . . . . . . . . . . Authchips . | . . . . . . . . . . . . . Time . | . . . . . . . . . . . . . Total Robot Build Rating . | . . . . . . . . . . . . . Part Schematics Acquired 1 | . . . . . . . . . . 1 . . Parts Built 1 | . . . . . . . . . . 1 . . Authchips . | . . . . . . . . . . . . . Time 68 | . . . . . . . . . . 68 . . Total Part Build Rating 8 | . . . . . . . . . . 8 . . Parts Repaired . | . . . . . . . . . . . . . Time . | . . . . . . . . . . . . . Parts Recycled . | . . . . . . . . . . . . . Recycled Matter . | . . . . . . . . . . . . . Retrieved Matter . | . . . . . . . . . . . . . Retrieved Components . | . . . . . . . . . . . . . Parts Scanalyzed 1 | . . . . . . . . . . 1 . . Part Schematics Acquired 1 | . . . . . . . . . . 1 . . Parts Damaged . | . . . . . . . . . . . . . Bothacking | -11 -10 -9 -8 -7 -6 -6 -6 -6 -6 -5 -5 -5 ------------ Run | Yrd Mat Mat Mat Fac Fac Ext Cet Arc Hub Fac Was Fac Used RIF Installer . | . . . . . . . . . . . . . Robots Hacked . | . . . . . . . . . . . . . Non-combat . | . . . . . . . . . . . . . Combat . | . . . . . . . . . . . . . Robot Hacks Applied . | . . . . . . . . . . . . . Relay Couplers Released 2 | . . . . . . . . . . . . 2 Machine Destruction 2 | . . . . . . . . . . . . 2 Fabnet Peak Effective % . | . . . . . . . . . . . . . Robots Rewired 11 | . . . . . . 11 . . . . . . Allies Hacked 2 | . . . . . . . . . . . . 2 Hacks Repelled . | . . . . . . . . . . . . . Allies | -11 -10 -9 -8 -7 -6 -6 -6 -6 -6 -5 -5 -5 -------- Run | Yrd Mat Mat Mat Fac Fac Ext Cet Arc Hub Fac Was Fac Total Allies 32 | . . . . . . 12 . . . . 20 . Largest Group 20 | . . . . . . 6 6 . . . 20 20 Highest-Rated Group 812 | . . . . . . 153 153 . . . 812 812 Highest-Rated Ally 50 | . . . . . . 31 31 . . . 50 50 Total Orders . | . . . . . . . . . . . . . Ally Attacks 295 | . . . . . . 30 28 . . . . 237 Total Damage 8824 | . . . . . . 767 648 . . . . 7409 Kills 53 | . . . . . . 4 2 . . . . 47 Allies Corrupted 2 | . . . . . . . . . . . . 2 Allies Melted 2 | . . . . . . 1 . . . . . 1 Intel | -11 -10 -9 -8 -7 -6 -6 -6 -6 -6 -5 -5 -5 ------- Run | Yrd Mat Mat Mat Fac Fac Ext Cet Arc Hub Fac Was Fac Active Infowar (turns) 5836 | 48 346 772 501 565 342 963 313 397 521 1068 . . Sensors 3682 | . . . . 393 189 801 313 397 521 1068 . . Terrain 1680 | . . . 227 565 342 546 . . . . . . Seismic 1440 | 48 346 772 274 . . . . . . . . . Robot Analysis Total . | . . . . . . . . . . . . . Derelict Logs Recovered . | . . . . . . . . . . . . . Drone Launches . | . . . . . . . . . . . . . Drone Recoveries . | . . . . . . . . . . . . . Exploration | -11 -10 -9 -8 -7 -6 -6 -6 -6 -6 -5 -5 -5 ------------- Run | Yrd Mat Mat Mat Fac Fac Ext Cet Arc Hub Fac Was Fac Turns Passed 7870 | 115 346 783 752 565 342 1538 313 397 521 1092 138 968 Spaces Moved 4111 | 63 208 472 417 427 240 725 140 184 287 312 96 540 Core 105 | 6 . . . . . . . . . 31 35 33 Treads 1951 | . . . . . . 510 121 184 287 281 61 507 Legs 2055 | 57 208 472 417 427 240 215 19 . . . . . Wheels . | . . . . . . . . . . . . . Hover . | . . . . . . . . . . . . . Flight . | . . . . . . . . . . . . . Fastest Speed 50 | 50 120 120 120 120 122 120 160 160 160 50 50 50 Average Speed 140 | 113 120 120 121 120 122 153 164 160 160 174 119 153 Slowest Speed 1100 | 120 120 120 260 122 122 330 240 160 160 1100 160 160 Overloaded Moves . | . . . . . . . . . . . . . Propulsion Burnouts . | . . . . . . . . . . . . . Robots Hopped . | . . . . . . . . . . . . . Potential Cave-ins 6 | . . . . . . 6 . . . . . . Cave-ins Triggered 1 | . . . . . . 1 . . . . . . Exploration Rate (%) 38 | 3 45 49 36 12 6 59 61 91 33 8 71 20 Regions Visited 12 Branch Regions 4 Pre-discovered Areas . | . . . . . . . . . . . . . Known Exits Taken 3 | . . . . 1 1 . . . 1 . . . Unknown Exits Taken 7 | 1 1 1 1 . . 1 1 1 . . . . Scrap Searched . | . . . . . . . . . . . . . Spaces Dug 11 | . . . . . . 11 . . . . . . Terrain Destroyed 105 | . . . . 32 . 73 . . . . . . Melee 3 | . . . . . . 3 . . . . . . Projectile 9 | . . . . . . 9 . . . . . . AOE 93 | . . . . 32 . 61 . . . . . . Terrain Rammed . | . . . . . . . . . . . . . Walls Destroyed . | . . . . . . . . . . . . . Machines Disabled . | . . . . . . . . . . . . . Actions | -11 -10 -9 -8 -7 -6 -6 -6 -6 -6 -5 -5 -5 --------- Run | Yrd Mat Mat Mat Fac Fac Ext Cet Arc Hub Fac Was Fac Total 5437 | 85 253 589 544 462 266 1002 185 237 321 759 118 616 Wait 479 | . 4 25 23 2 . 33 1 2 10 362 17 . Move 4100 | 62 207 471 416 426 239 724 139 183 286 312 95 540 Hop . | . . . . . . . . . . . . . Pick Up 50 | 5 1 9 6 9 1 5 2 4 3 1 1 3 Fast Attach 57 | 7 . . 7 2 2 16 4 2 2 6 2 7 Attach 40 | . . 5 2 3 1 10 2 2 . 13 2 . Detach 4 | . . . . . 1 . 2 . . 1 . . Swap 56 | . 7 11 10 7 6 9 2 2 1 1 . . Drop 63 | . 3 13 14 4 4 10 4 1 . 5 . 5 Fire 363 | 11 31 55 66 9 12 48 20 33 4 36 . 38 Melee 98 | . . . . . . 40 9 8 15 22 . 4 Ram . | . . . . . . . . . . . . . Kick . | . . . . . . . . . . . . . Crush 15 | . . . . . . 2 . . . . . 13 Escape Stasis 5 | . . . . . . . . . . . . 5 Rewire 107 | . . . . . . 105 . . . . 1 1 Trap . | . . . . . . . . . . . . . Miscellaneous . | . . . . . . . . . . . . . Route ------- -11/Scrapyard -10/Materials (discovered 2 exits: [*Mat] / [*Min]) -9/Materials -8/Materials -7/Factory (discovered 2 exits: *Fac x2) -6/Factory -6/Extension (discovered 2 exits: *Fac / *Cet) -6/Cetus -6/Archives (discovered 3 exits: *Fac / [*Hub x2]) -6/Hub_04(d) -5/Factory -5/Waste -5/Factory History --------- Turn | Location | Event 3 | -11/Scrapyard | Discovered new exit (range 15) 116 | -11/Scrapyard | Entered Materials 322 | -10/Materials | Build established: Mutant 351 | -10/Materials | Discovered new exit (range 15) 449 | -10/Materials | Discovered new exit (range 5) 462 | -10/Materials | Entered another Materials area 462 | -9/Materials | Evolved 2 slots: Propulsion x2 1209 | -9/Materials | Build established: Scavenger-Mutant 1223 | -9/Materials | Discovered new exit (range 9) 1245 | -9/Materials | Entered another Materials area 1245 | -8/Materials | Evolved 2 slots: Utility x2 1354 | -8/Materials | Lost 4 parts (3n1w) 1970 | -8/Materials | Discovered new exit (range 14) 1997 | -8/Materials | Entered Factory 1997 | -7/Factory | Evolved 2 slots: Utility x1, Weapon x1 2059 | -7/Factory | Discovered new exit (range 8) 2309 | -7/Factory | Build established: Scavenger-Skirmisher 2551 | -7/Factory | Discovered new exit (range 11) 2560 | -7/Factory | Identified exit to Factory 2562 | -7/Factory | Entered another Factory area 2562 | -6/Factory | Evolved 2 slots: Utility x2 2783 | -6/Factory | Discovered new exit (range 15) 2844 | -6/Factory | Build established: Skirmisher 2899 | -6/Factory | Door terminal overloaded 2903 | -6/Factory | Identified exit to Extension 2904 | -6/Factory | Entered Extension 3126 | -6/Extension | Rescued a captive Derelict 3160 | -6/Extension | Rescued a captive Derelict 3163 | -6/Extension | Spotted B-75 Beast 3251 | -6/Extension | Lost 4 parts (3n1w) 3560 | -6/Extension | P-60 Hacker assimilated allied 74-41F(g) 3666 | -6/Extension | Lost 3 allies 3721 | -6/Extension | Destroyed B-75 Beast 3732 | -6/Extension | Lost 4 parts (2n2w) 3917 | -6/Extension | Crushed by falling debris 3917 | -6/Extension | System corruption reached 10% 3948 | -6/Extension | Lost 4 parts (3u1w) 4217 | -6/Extension | Core integrity fell below 50% 4376 | -6/Extension | Discovered new exit (range 10) 4378 | -6/Extension | Discovered new exit (range 6) 4442 | -6/Extension | Entered Cetus 4442 | -6/Cetus | Accompanied by 6 allies 4447 | -6/Cetus | Lost 4 parts (1p3n) 4466 | -6/Cetus | Spotted Cetus Guard 4467 | -6/Cetus | Spotted Cetus Guard 4471 | -6/Cetus | Spotted Cetus Guard 4471 | -6/Cetus | Spotted Cetus Guard 4482 | -6/Cetus | Allies destroyed Cetus Guard 4498 | -6/Cetus | Allies destroyed Cetus Guard 4506 | -6/Cetus | Destroyed Cetus Guard 4528 | -6/Cetus | Destroyed Cetus Guard 4549 | -6/Cetus | Lost 6 allies 4731 | -6/Cetus | Discovered new exit (range 16) 4755 | -6/Cetus | Entered Archives 4768 | -6/Archives | Build established: Gladiator 4891 | -6/Archives | Discovered new exit (range 15) 4909 | -6/Archives | Unable to access archive contents 4936 | -6/Archives | Unable to access archive contents 4941 | -6/Archives | Discovered new exit (range 16) 5030 | -6/Archives | Discovered new exit (range 14) 5112 | -6/Archives | Build established: Scavenger-Gladiator 5152 | -6/Archives | Entered Hub_04(d) 5641 | -6/Hub_04(d) | Discovered new exit (range 16) 5666 | -6/Hub_04(d) | Core integrity fell below 20% 5671 | -6/Hub_04(d) | Identified exit to Factory 5673 | -6/Hub_04(d) | Entered Factory 5673 | -5/Factory | Evolved 2 slots: Utility x2 5704 | -5/Factory | Lost 3 parts (1n2w) 6058 | -5/Factory | Build established: Hacker-Mutant 6229 | -5/Factory | Fabricated Centrium Medium Armor Plating? 6606 | -5/Factory | System corruption reached 10% 6642 | -5/Factory | Lost 5 parts (2n3w) 6765 | -5/Factory | Sucked down chute 6765 | -5/Factory | Entered Waste 6766 | -5/Waste | Joined by Warlord forces that had cleared the area 6794 | -5/Waste | Lost 8 parts (2n3u3w) 6863 | -5/Waste | Discovered new exit (range 11) 6888 | -5/Waste | Identified exit to Factory 6903 | -5/Waste | Entered Factory 6903 | -5/Factory | Accompanied by 20 allies 7113 | -5/Factory | Lost 4 allies 7270 | -5/Factory | Lost 3 allies 7273 | -5/Factory | Build established: Hacker-Tank 7680 | -5/Factory | Core integrity fell below 50% 7803 | -5/Factory | First assault squad dispatched 7807 | -5/Factory | Lost 3 allies 7859 | -5/Factory | Core integrity fell below 20% 7869 | -5/Factory | Lost 7 parts (1p1n2u3w) 7871 | -5/Factory | Destroyed by G-50 Soldier with Heavy Laser Last Messages --------------- 07864_ C-30 ARC bursts open, deploying its payload. 07864_ G-67 Veteran unfolds itself. 07864_ G-50 Soldier unfolds itself. 07864_ L-41 Fighter unfolds itself. 07864_ G-50 Soldier unfolds itself. 07864_ E-15 Imp unfolds itself. 07866_ Triggered Stasis Trap. 07866_ A bubble of rippling energy engulfs the area. 07866_ Field strength at 94. 07866_ Plasma Sword blown off. 07866_ Imp. Hacking Suite blown off. 07866_ E-15 Imp destroyed. 07867_ Field strength at 88. 07868_ Field strength at 66. 07868_ Slug penetrates Wall. 07869_ Field strength at 60. 07869_ K-01 Serf collects debris. 07870_ Field strength at 54. 07870_ Penetrated by Slug. 07871_ Field strength at 27. Map ----- +----------------------------------------------------+ | ####+##??????????????????????????????????????????? | | ??????????????????????????????????????????? | | #?????????????????????????????????????????? | | ??????????????????????????????????????????? | | #?????????????????????????????????????????? | | #?????????????????????????????????????????? | | #?????????????????????????????????????????? | | #?????????????????????????????????????????? | | ########?????????????????????????????????????????? | | ?????????????????????????????????????????????????? | | ????????????????????????? ?????????????????????? | | ????????????????????????? ???????????????????? | | ????????????????????????? #??????????????????? | | ????????????????????????# +??????????????????? | | ????????????????????????# #??????????????????? | | ####????????????????????# u#???? ???????????? | | #????????????????? ?## ##?? ] ???????????? | | #?????????????????"?# g% #? ????????????? | | +?????????????????? # g #? ?????????????? | | #?????????????????? # g #! ""?????????????? | | #??" !]?????????????+ u# "??????????????? | | #??" ] ?????????????# + ????????????????? | | #? " ??????????????# k #?????????????????? | | #? " ???????????????# #?????????????????? | | # "????????????????# =%l #?????????????????? | | # ?????????????????#^@= #?????????????????? | | / ??????????????????# / #?????????????????? | | #???????????????????# #??????##?????????? | | #???????????????????# ####### ######????? | | #???????????????????# # #????? | | #???????????????????# # """"""" #????? | | #???????????????????# # """Y""" #????? | | #???????????????????# #== #????? | | #???????????????????# #="""" #????? | | #???????????????????#u #*"""" #????? | | #???????????"???????# #%"""" #????? | | #??? T?????? ???????# u*#!"""" #????? | | #?? "??????" ??????# h#!"""" #????? | | #?" "?????"" ??????# #!"""" // #????? | | # " ????????" ??????# /!%%"" = #????? | | + ?????????? ?????# %#*!*[* ! #????? | | #???????????? ?? ??# %################??? | | #???????????? ???# ###??????? ??? | | ##############+###### %#???????? ???? | | ^ ########? """"???? | | ^ % # """""??? | | % # """ | | % ^ =% % + | | ^ *[ # """"" | | [% % % # """"???? | +----------------------------------------------------+ Best States ------------- Heat Dissipation 59 Energy Generation 19 Energy Capacity 315 Matter Stores 300 Matter Capacity 300 Sight Range 16 Robot Scan Range 16 Terrain Scan Range 16 Terrain Scan Density 310 Additional Mass Support 9 Armor Coverage 450 Weapon Cycling 20 Evasion (%) 55 Targeting Accuracy 5 Melee Accuracy 6 Recoil Reduction 4 Offensive Hacking 46 Item Schematics ----------------- Centrium Medium Armor Plating | -5/Factory | Scanalyzed Robot Schematics ------------------ None Fabricated ------------ Centrium Medium Armor Plating | x1 | -5/Factory Repaired ---------- Nothing Alien Tech Used ----------------- None Achievements -------------- Just Shoot The Terminal Challenges ------------ None Game ------ Seed ChipFluxDetector Manual? 0 Play Time 00:56:42 Cumulative 90.7 hours Start 2025.05.13 @ 00:59:36 End 2025.05.14 @ 18:47:06 Sessions 3 Manual Loads 0 Difficulty Rogue Special Mode None Game No. 229 Rogue 229 Adventurer 0 Explorer 0 Win Type - Total 2 Types 2/0/0/0/0/0/0/0/0/0 Lore% 39 Gallery% 46 Achievement% 36 Wizard Run 0 Options --------- Layout 0 ASCII 0 Keyboard 0 Movement Numpad Keybinds 0 Fullscreen 2 Font 18/Terminus Map View 76x50 Zoom Use 0% Tactical HUD 1 Map Filters NONE Filters NONE Steam 1 RUN: 4cf6faae-8df5-4e3c-a5cc-bd2f7d318119